 Dungeon Crawl Stone Soup version 0.25-a0-435-g4b9beb1024 (webtiles) character file.

Game seed: 15412807321990849216, levelgen mode: deterministic

597 Elellon the Magician (level 7, 0/36 HPs)
             Began as a Deep Elf Conjurer on Jan 28, 2020.
             Slain by a big kobold zombie (3 damage)
             ... in an ossuary.
             The game lasted 00:05:55 (3510 turns).

Elellon the Magician (Deep Elf Conjurer)            Turns: 3510, Time: 00:05:56

Health: 0/36       AC:  4    Str:  7    XL:     7   Next: 17%
Magic:  0/20       EV: 13    Int: 20    God:
Gold:   190        SH:  0    Dex: 15    Spells: 14/21 levels left

rFire    . . .     SeeInvis .   h - +1 spear (flame)
rCold    . . .     Gourm    .   (no shield)
rNeg     . . .     Faith    .   a - +0 robe
rPois    .         Spirit   .   (no helmet)
rElec    .         Reflect  .   (no cloak)
rCorr    .         Harm     .   y - +1 pair of gloves {archery}
MR       .....                  (no boots)
Stlth    ++........             (no amulet)
HPRegen  0.12/turn              (no ring)
MPRegen  0.17/turn              (no ring)

@: marked
A: no striking features
a: no special abilities


You were in an ossuary.
You were hungry.

You visited 1 branch of the dungeon, and saw 4 of its levels.
You also visited: Ossuary.

You collected 190 gold pieces.

Inventory:

Hand Weapons
 b - a +0 dagger
 h - a +1 spear of flaming (weapon)
Armour
 a - a +0 robe (worn)
 y - a +1 pair of gloves of archery (worn)
Jewellery
 q - an uncursed amulet of faith {unknown}
Wands
 u - a wand of iceblast (8)
Scrolls
 d - a scroll of teleportation {unknown}
 f - 4 scrolls of remove curse {unknown}
 g - 3 scrolls of identify {unknown}
 i - a scroll of fear {unknown}
 n - a scroll of enchant armour {unknown}
 r - a scroll of immolation {unknown}
 x - a scroll of noise {unknown}
Potions
 e - a potion of degeneration {unknown}
 j - a potion of resistance {unknown}
 k - a potion of heal wounds
 l - a potion of experience {unknown}
 m - a potion of lignification {unknown}
 o - a potion of berserk rage {unknown}
 p - a potion of brilliance {unknown}
 s - a potion of invisibility {unknown}
 v - a potion of mutation {unknown}
 w - a potion of curing {unknown}
Comestibles
 c - 13 rations


   Skills:
 - Level 2.4 Dodging
 - Level 2.4 Stealth
 + Level 7.5 Spellcasting
 + Level 7.2 Conjurations
 - Level 2.0 Translocations


You had 14 spell levels left.
You knew the following spells:

 Your Spells              Type           Power        Failure   Level  Hunger
a - Magic Dart            Conj           ####         1%          1    None
b - Searing Ray           Conj           #####.       1%          2    None
c - Iskenderun's Mystic   Conj/Tloc      ####....     13%         4    ###....

Your spell library contained the following spells:

 Spells                   Type           Power        Failure   Level  Hunger
 Dazzling Flash           Conj/Hex       ###...       6%          3    None
 Gell's Gravitas          Tloc           ###.......   12%         3    None
 Portal Projectile        Hex/Tloc       ##....       19%         3    None
 Fulminant Prism          Conj/Hex       ###.......   21%         4    ###....
 Dispersal                Tloc           ###.......   99%         6    ######.
 Controlled Blink         Tloc           N/A          100%        8    #######
 Disjunction              Tloc           ###.......   100%        8    #######


Dungeon Overview and Level Annotations

Branches:
Dungeon (4/15)            Ossuary (1/1)
 Temple: D:4-7

Altars:
Hepliaklqana
Qazlal
Ru
Wu Jian
Zin
The Shining One


Message History

The big kobold zombie is lightly damaged.
The big kobold zombie hits you.
* * * LOW HITPOINT WARNING * * *
Casting: Searing Ray (safe; 1% risk of failure)
Confirm with . or Enter, or press ? or * to list all spells.
You don't have enough magic to cast that spell.
Casting: Searing Ray (safe; 1% risk of failure)
Confirm with . or Enter, or press ? or * to list all spells.
Aiming: Searing Ray (safe; 1% risk of failure)
Press: ? - help, Shift-Dir - straight line, f - big kobold zombie
Aim: a big kobold zombie (lightly damaged)
The searing ray hits the big kobold zombie!
The big kobold zombie is moderately damaged. (Press . to maintain the ray.)
The big kobold zombie barely misses you.
The big kobold zombie misses you.
The searing ray hits the big kobold zombie!
The big kobold zombie is heavily damaged.
The big kobold zombie hits you.
You die...

######
.#.#.#.###########
^................##
..^...............#
^.^..^.^..∩.∩.....#
.......M....Z.....#
^......M....Z@...##
.#.#.#.###########
##


You could see 2 mummies and 2 big kobold zombies.

Vanquished Creatures
  Grinder (D:3)
  2 centaur zombies (Ossuary)
  An orc wizard (D:3)
  Ijyb (D:3)
  An iguana (D:4)
  4 big kobold zombies (Ossuary)
  3 mummies (Ossuary)
  5 adders
  2 oozes
  An adder skeleton (D:4)
  2 worms
  A leopard gecko (D:1)
  5 orcs (D:3)
  3 ball pythons
  11 bats
  3 giant cockroaches
  10 goblins
  3 hobgoblins
  16 jackals
  7 kobolds
  2 quokkas (D:3)
  4 frilled lizards
  2 rats
90 creatures vanquished.

Notes
Turn   | Place    | Note
-------+----------+-------------------------------------------
     0 | D:1      | Elellon the Deep Elf Conjurer began the quest for the Orb.
     0 | D:1      | Reached XP level 1. HP: 10/10 MP: 6/6
   140 | D:1      | Reached XP level 2. HP: 15/15 MP: 5/8
   872 | D:2      | Reached XP level 3. HP: 19/19 MP: 5/10
   875 | D:2      | Reached skill level 5 in Conjurations
   956 | D:2      | Learned a level 2 spell: Searing Ray
   958 | D:2      | Found a glowing silver altar of Zin.
   958 | D:2      | Found a glowing golden altar of the Shining One.
  1078 | D:2      | Found a sacrificial altar of Ru.
  1309 | D:2      | Found a faded altar of an unknown god.
  1405 | D:2      | Reached XP level 4. HP: 24/24 MP: 8/12
  1474 | D:2      | Found a stormy altar of Qazlal.
  1682 | D:3      | Found a hazy altar of Hepliaklqana.
  1888 | D:3      | Noticed Grinder
  1922 | D:3      | Killed Grinder
  1922 | D:3      | Reached XP level 5. HP: 21/28 MP: 2/15
  1922 | D:3      | Reached XP level 6. HP: 24/32 MP: 2/17
  2428 | D:3      | Learned a level 4 spell: Iskenderun's Mystic Blast
  2551 | D:3      | Noticed Ijyb
  2559 | D:3      | Killed Ijyb
  2723 | D:3      | Found an ornate altar of the Wu Jian Council.
  3031 | D:4      | Reached skill level 1 in Translocations
  3203 | D:4      | Found a sand-covered staircase.
  3208 | Ossuary  | Entered an ossuary
  3372 | Ossuary  | Reached XP level 7. HP: 36/36 MP: 4/19
  3510 | Ossuary  | Slain by a big kobold zombie

Levels and vault maps discovered:
D:1:      psy_arrival_terrarium, layout_rooms, minmay_misc_feat_chi
D:2:      layout_rooms, old_standard_altar, lemuel_coloured_pillars_altar,
          amethyst_overflow_temple_binary, chequers_ecumenical_altar_twisty
D:3:      layout_loops_ring, lemuel_round_altar, old_standard_altar,
          first_ration, uniq_grinder, uniq_ijyb
D:4:      layout_basic, serial_shops, nicolae_shop_overgrown_old_shop,
          nicolae_ossuary_entry_false_entrances, kennysheep_cross_bottleneck
Ossuary:  ossuary_the_hunt_dpeg

Skill      XL: |  1  2  3  4  5  6 |
---------------+-------------------+-----
Spellcasting   | 4 6 7 |  7.5
Conjurations   | 5 6 7 |  7.2
Translocations | 2 |  2.0
Dodging        | |  2.4
Stealth        | |  2.4

Action                   |  1- 3 |  4- 6 |  7- 9 || total
-------------------------+-------+-------+-------++-------
Melee: Spear             |       |    11 |    12 ||    23
 Cast: Magic Dart        |    72 |   105 |     1 ||   178
       Searing Ray       |       |    12 |     6 ||    18
  Eat: Chunk             |     1 |     6 |       ||     7
Armor: Robe              |     3 |     7 |     8 ||    18
Dodge: Dodged            |     9 |    24 |    12 ||    45

Table legend:
 A = Non-vault XP
 B = Vault XP
 C = Vault XP percentage of total XP
 D = Non-vault monster count
 E = Vault monster count
 F = Vault count percentage of total count
                 A         B        C        D         E       F
            +---------+---------+-------+---------+---------+-------
      Total |     296 |     557 |  65.3 |      79 |      11 |  12.2
            +---------+---------+-------+---------+---------+-------
        D:1 |      33 |       0 |   0.0 |      16 |       0 |   0.0
        D:2 |      72 |       0 |   0.0 |      20 |       0 |   0.0
        D:3 |     146 |     313 |  68.2 |      39 |       2 |   4.9
        D:4 |      45 |       0 |   0.0 |       4 |       0 |   0.0
    Ossuary |       0 |     244 | 100.0 |       0 |       9 | 100.0
            +---------+---------+-------+---------+---------+-------
